 Dungeon Crawl Stone Soup version 0.29.1-13-g9f3cf754e1 (webtiles) character file.

Game seed: 5610695537638236011

47 theblackgale the Ruffian (level 3, -4/28 HPs)
             Began as a Draconian Transmuter on Jan 26, 2023.
             Was a High Priest of Ignis.
             Killed by nerve-wracking pain
             ... invoked by Grinder
              (10 damage)
             ... on level 3 of the Dungeon.
             The game lasted 00:09:59 (670 turns).

theblackgale the Ruffian (Draconian Transmuter)      Turns: 670, Time: 00:10:00

Health: -4/28      AC:  5    Str: 14    XL:     3   Next: 48%
Magic:  6/6        EV: 12    Int: 13    God:    Ignis [*****.]
Gold:   27         SH:  0    Dex: 11    Spells: 5/6 levels left

rFire   + . .      SeeInvis .     - Unarmed
rCold   . . .      Faith    .   (no shield)
rNeg    . . .      Spirit   .   (body armour unavailable)
rPois   .          Reflect  .   (helmet restricted)
rElec   .          Harm     .   (no cloak)
rCorr   .          Rampage  .   (no gloves)
Will    .....                   (no boots)
Stlth   +.........              (no amulet)
HPRegen 0.09/turn               (no ring)
MPRegen 0.10/turn               (no ring)

@: no status effects
A: AC +5, unfitting armour, cold-blooded
a: Renounce Religion, Fiery Armour, Foxfire Swarm, Rising Flame


You were on level 3 of the Dungeon.
You worshipped Ignis.
Ignis was extremely pleased with you.
You visited 1 branch of the dungeon, and saw 3 of its levels.

You collected 27 gold pieces.

Inventory:

Scrolls
 d - a scroll of amnesia
 e - a scroll of identify {unknown}
 h - a scroll of enchant armour {unknown}
Potions
 a - a potion of lignification
 b - a potion of cancellation (quivered) {unknown}
 c - 2 potions of ambrosia {unknown}
 f - a potion of haste {unknown}
 g - a potion of mutation {unknown}


   Skills:
 + Level 1.1 Fighting
 + Level 2.0 Dodging
 + Level 1.0 Stealth
 + Level 3.7 Unarmed Combat
 + Level 2.4 Spellcasting
 + Level 2.2 Transmutations


You had 5 spell levels left.
You knew the following spells:

 Your Spells              Type           Power      Damage    Failure   Level
a - Beastly Appendage     Tmut           14%        N/A       10%         1

Your spell library contained the following spells:

 Spells                   Type           Power      Damage    Failure   Level
 Wereblood                Tmut           7%         N/A       14%         2
 Magic Dart               Conj           4%         1d3       24%         1
 Searing Ray              Conj           2%         2d4       36%         2
 Spider Form              Tmut/Pois      4%         N/A       43%         3
 Ice Form                 Ice/Tmut       4%         N/A       83%         4
 Fulminant Prism          Conj/Hex       0%         3d6       94%         4


Dungeon Overview and Level Annotations

Branches:
Dungeon (3/15)

Altars:
Ignis

Annotations:
D:3 Grinder


Innate Abilities, Weirdness & Mutations

Your plain brown scales are hard. (AC +5)
You cannot fit into any form of body armour.
You are cold-blooded and may be slowed by cold attacks.


Message History

You see here a potion of lignification.
Casting: Beastly Appendage (safe; 10% risk of failure)
Confirm with . or Enter, or press ? or * to list all spells.
You miscast Beastly Appendage.
You are very lightly contaminated with residual magic.
Nothing appears to happen.
Grinder comes into view.
Grinder shouts!
The goblin hits you but does no damage.
You closely miss the goblin. You barely miss the goblin.
The goblin barely misses you.
You punch the goblin!
You kill the goblin!
A bat comes into view.
The dart slug closely misses you.
Things that are here:
a +0 club; a goblin corpse You hit the dart slug.
The dart slug is lightly wounded.
Grinder gestures at you. Pain shoots through your body!
The dart slug closely misses you.
You hit the dart slug.
The dart slug is moderately wounded.
The bat barely misses you. x2
Your magical contamination has completely faded away.
You barely miss the dart slug.
You punch the dart slug, but do no damage.
The dart slug is moderately wounded.
The bat hits you. Grinder closely misses you. The dart slug barely misses you.
You hit the dart slug.
The dart slug is moderately wounded.
The bat closely misses you. Grinder hits you.
You writhe in agony.
* * * LOW HITPOINT WARNING * * *
The bat hits you but does no damage. The dart slug completely misses you.
You hit the dart slug.
The dart slug is severely wounded.
The bat barely misses you. Grinder gestures at you.
Pain shoots through your body!
You die...

##.##.###.....
#............
#...<.....#
#.........#
#.........# #
#.........# .#
#.........##.##.#
#.........w.....#
#.......!.@b....#
#.........#5....#
##.##.#..###.#....
## #..... ## ###
#.#..## ##.#. ###.
##


You could see Grinder, a dart slug and a bat.

Vanquished Creatures
  An adder (D:2)
  2 worms (D:2)
  2 dart slugs
  3 bats
  3 endoplasms (D:2)
  3 goblins
  3 hobgoblins
  A jackal (D:2)
  3 kobolds (D:2)
  A quokka (D:2)
  4 frilled lizards
  2 rats
28 creatures vanquished.

Notes
Turn   | Place    | Note
-------+----------+-------------------------------------------
     0 | D:1      | theblackgale the Draconian Transmuter began the quest for
                  | the Orb.
     0 | D:1      | Reached XP level 1. HP: 16/16 MP: 3/3
    57 | D:1      | Found a faded altar of an unknown god.
    68 | D:1      | Prayed at the altar of an unknown god.
    68 | D:1      | Became a worshipper of Ignis, the Dying Flame
   168 | D:2      | Reached XP level 2. HP: 14/23 MP: 3/5
   395 | D:2      | Reached skill level 1 in Stealth
   395 | D:2      | Reached XP level 3. HP: 23/28 MP: 4/6
   506 | D:2      | Identified the +1 ring mail of Holuol {Str+10}
   661 | D:3      | Noticed Grinder
   670 | D:3      | Killed from afar by Grinder

Illustrated notes

Levels and vault maps discovered:
D:1:      sevenhm_arrival_forest_fort_small_4, layout_basic,
          serial_corexii_hall, corexii_hall_statues_x,
          chequers_hall_statues_corner_a, shapermc_ecumenical_altar_pompeii,
          minmay_worlds_worst_comb
D:2:      layout_loops_ring, minmay_goblin_kobold_house
D:3:      layout_loops_corners, cheibrodos_sewer_entry_sluice,
          serial_bayou_pond_a, kennysheep_cluttered_room, uniq_grinder

Skill      XL: |  1  2  3 |
---------------+----------+-----
Stealth        | 1 |  1.0
Dodging        | 2 |  2.0
Fighting       | |  1.1
Unarmed Combat | |  3.7
Spellcasting   | |  2.4
Transmutations | |  2.2

Action                   || total
-------------------------++-------
Melee: Unarmed           ||    85
       Kick              ||    11
       Headbutt          ||     9
       Tailslap          ||     2
       Punch             ||     1
 Cast: Beastly Appendage ||    13
  Use: Scroll            ||     3
       Potion            ||     1
 Stab: Distracted        ||     1
Armor: Skin              ||    20
Dodge: Dodged            ||    49
